 Dungeon Crawl Stone Soup version 0.20.1-1-g8b1a95d (webtiles) character file.

240 JeffiDaFish the Firebug (level 5, -12/39 HPs)
             Began as a Draconian Fire Elementalist on July 13, 2017.
             Killed from afar by an orc (32 damage)
             ... with an exploding inner flame
             ... hexed by the player character
             ... on level 4 of the Dungeon.
             The game lasted 00:12:47 (3891 turns).

JeffiDaFish the Firebug (DrFE)                      Turns: 3891, Time: 00:12:48

Health: -12/39     AC:  5    Str: 11    XL:     5   Next: 79%
Magic:  8/9        EV: 17    Int: 15    God:
Gold:   82         SH:  0    Dex: 12    Spells: 4/10 levels left

rFire    . . .     SeeInvis .   c - +1 dagger
rCold    . . .     Gourm    .   (no shield)
rNeg     . . .     Faith    .   (armour unavailable)
rPois    .         Spirit   .   (helmet restricted)
rElec    .         Reflect  .   (no cloak)
rCorr    .         Harm     .   (no gloves)
MR       .....                  (no boots)
Stlth    ++........             (no amulet)
Regen    0.2/turn               i - +4 ring of evasion
MPRegen  0.2/turn               (no ring)

@: slowed, very slow
A: unfitting armour, cold-blooded, AC +5
a: no special abilities


You were on level 4 of the Dungeon.
You were hungry.

You visited 1 branch of the dungeon, and saw 4 of its levels.

You collected 82 gold pieces.

Inventory:

Hand Weapons
 c - a +1 dagger (weapon)
Jewellery
 i - a +4 ring of evasion (left hand)
Scrolls
 h - a scroll of blinking
 l - a scroll of identify
Potions
 d - a potion of brilliance
 e - a potion of curing
 g - a potion of agility
Books
 a - a book of Flames

   Spells                             Type                      Level
   a - Flame Tongue                   Conjuration/Fire             1
   b - Throw Flame                    Conjuration/Fire             2
   c - Conjure Flame                  Conjuration/Fire             3
   d - Inner Flame                    Hexes/Fire                   3
   e - Sticky Flame                   Conjuration/Fire             4
   f - Fireball                       Conjuration/Fire             5
Comestibles
 b - 2 bread rations
 f - 3 meat rations
 j - a royal jelly


   Skills:
 + Level 0.7 Fighting
 + Level 1.1 Short Blades
 + Level 2.6 Dodging
 + Level 2.5 Stealth
 + Level 3.1 Spellcasting
 + Level 2.3 Conjurations
 + Level 0.1 Hexes
 + Level 4.2 Fire Magic


You had 4 spell levels left.
You knew the following spells:

 Your Spells              Type           Power        Failure   Level  Hunger
a - Flame Tongue          Conj/Fire      ##...        4%          1    #......
b - Throw Flame           Conj/Fire      ##....       8%          2    ##.....
c - Inner Flame           Hex/Fire       #.......     24%         3    ###....


Dungeon Overview and Level Annotations

Branches:
Dungeon (4/15)
 Temple: D:4-7

Altars:


Innate Abilities, Weirdness & Mutations

Your plain brown scales are hard. (AC +5)
You cannot fit into any form of body armour.
You are cold-blooded and may be slowed by cold attacks.


Message History

The orc misses you. x2; The orc closely misses you.
You hit the orc.
Your tail-slap misses the orc.
The orc is almost dead.
The orc wizard mumbles some strange words.
The orc wizard seems to speed up.
The orc hits you. The orc barely misses you. x2
The orc barely misses you.
The orc wizard hits you but does no damage.
The orc closely misses you. The orc barely misses you.
You hit the orc.
The orc explodes!
The fiery explosion engulfs the orc.
You kill the orc!
The fiery explosion engulfs the orc wizard.
You kill the orc wizard!
You feel your dexterity returning.
The fiery explosion engulfs the orc.
You kill the orc!
The fiery explosion engulfs you!
Ouch! That really hurt!
You die...

#.............#
#.............# .
##..##..######## .....
#..##..#......#
.......#......#......#
.......+......#......#
.......#.............#
......####+#........#
#.....§§@..#########
#.....§.§..#
#......§§..#
#..........#
#..........#
#..........#
#..........#
#..........#
#..........#


There were no monsters in sight!

Vanquished Creatures
  An orc wizard (D:4)
  7 gnolls
  4 adders
  An ooze (D:2)
  3 worms (D:3)
  3 dart slugs
  4 leopard geckos
  6 orcs
  2 giant cockroaches (D:3)
  8 goblins
  7 hobgoblins
  4 jackals
  7 kobolds
  A quokka (D:2)
  3 ball pythons
  9 bats
  8 frilled lizards
  10 rats
88 creatures vanquished.

Notes
Turn   | Place    | Note
-------+----------+-------------------------------------------
     0 | D:1      | JeffiDaFish the Draconian Fire Elementalist began the quest for the Orb.
     0 | D:1      | Reached XP level 1. HP: 14/14 MP: 3/3
   250 | D:1      | Reached XP level 2. HP: 17/20 MP: 1/5
   411 | D:1      | Learned a level 2 spell: Throw Flame
   708 | D:1      | Reached XP level 3. HP: 21/26 MP: 0/6
  1074 | D:2      | Learned a level 3 spell: Inner Flame
  1133 | D:2      | Reached XP level 4. HP: 33/33 MP: 2/7
  1688 | D:2      | Reached skill level 4 in Fire Magic
  1941 | D:2      | Reached skill level 1 in Short Blades
  2470 | D:3      | Reached XP level 5. HP: 39/39 MP: 1/8
  3891 | D:4      | Killed from afar by an orc

Skill      XL: |  1  2  3  4  5 |
---------------+----------------+-----
Dodging        | 2 |  2.6
Stealth        | 2 |  2.5
Fire Magic     | 4 |  4.2
Short Blades   | 1 |  1.1
Conjurations   | 2 |  2.3
Spellcasting   | 3 |  3.1
Fighting       | |  0.7
Hexes          | |  0.1

Action                   |  1- 3 |  4- 6 || total
-------------------------+-------+-------++-------
Melee: Dagger            |    60 |    55 ||   115
       Tailslap          |     2 |     1 ||     3
 Cast: Flame Tongue      |    27 |    58 ||    85
       Throw Flame       |    13 |    33 ||    46
       Inner Flame       |       |     4 ||     4
  Use: Scroll            |     5 |     5 ||    10
       Potion            |     2 |     3 ||     5
 Stab: Sleeping          |       |     4 ||     4
  Eat: Chunk             |     2 |    11 ||    13
Armor: Skin              |    47 |    19 ||    66
Dodge: Dodged            |    82 |    64 ||   146
